[Event "SVK ECo-C Extraliga 2021-22"]
[Site "Slovakia"]
[Date "2022.05.08"]
[Round "7.3"]
[White "Varga, Lukas"]
[Black "Skreko, Igor"]
[Result "0-1"]
[ECO "B90"]
[WhiteElo "2136"]
[BlackElo "2065"]
[Annotator "TA"]
[PlyCount "58"]
[EventDate "2021.10.21"]
[EventType "team-tourn"]
[EventCountry "SVK"]
[SourceTitle "playchess.com"]
[Source "ChessBase"]
[SourceQuality "1"]
[TimeControl "40/5400+30:1800+30"]

1. e4 c5 2. Ne2 d6 3. Nbc3 Nf6 4. d4 cxd4 5. Nxd4 a6 6. Be3 e5 7. Nb3 Be6 8. f3 Be7 9. Qd2 Nbd7 10. O-O-O O-O 11. g4 b5 12. g5 Nh5 $1 {[%emt 0:00:06][%mdl 4] is now more promising than 12...b4.} 13. h4 {[%emt 0:03:44] B90: Sicilian Najdorf: Unusual White 6th moves, 6 Be3 Ng4 and 6 Be3 e5.} b4 14. Nd5 Bxd5 {[%emt 0:00:18] [#]} 15. Qxd5 $146 {[%emt 0:06:10] And now Na5 would win. White has an edge.} ({Predecessor:} 15. exd5 a5 16. Kb1 f5 17. gxf6 Bxf6 18. Bh3 Nb6 19. Bxb6 Qxb6 20. Rdg1 a4 21. Nc1 {0-1 (35) Maranhao,J (1923)-Caetano,R (2199) Chess.com INT 2021}) 15... a5 16. Bb5 {[%emt 0:03:21] Strongly threatening Qc6.} a4 17. Nd2 Qc7 (17... Nf4 $1 $14 18. Bxf4 Nb6) 18. Bxd7 (18. Nc4 $16) 18... Qxd7 $14 19. Nc4 {[%emt 0:01:07][%cal Oc4e5] Hoping for Nxe5!} Qc7 20. Kb1 (20. Nxd6 $2 b3 21. Qc4 Bxd6 $19) 20... Ra6 21. Rh2 b3 22. cxb3 axb3 23. a3 (23. axb3 $16 {b4 is the strong threat.} Rb8 24. Rc2) 23... Rc8 $11 24. Rc1 $36 {[%emt 0:00:11][%cal Oc4e5][%mdl 2048] White is pushing.} Nf4 25. Qb5 ({Of course not} 25. Bxf4 exf4 26. e5 dxe5 $15) (25. Qd1 $14 {stays ahead.} Rc6 26. Nb6 $1 (26. Bb6 Qb7 $17) 26... Rxc1+ 27. Qxc1 Qxc1+ 28. Bxc1) 25... Rc6 $17 26. Qxc6 Qxc6 $19 27. Nb6 {[%emt 0:00:18] [#]} Qb5 $1 {[%emt 0:02:09] ( -> ...Qd3+)} 28. Rxc8+ Bf8 {[%emt 0:00:01] Threatens to win with ...Qd3+. Really sharp!} 29. Nc4 $2 (29. Bxf4 exf4 30. Nd5 (30. Nc4 $2 Qd7 $19) 30... Qf1+ 31. Rc1 Qxf3 32. Re1) 29... Qa6 {[%emt 0:01:52] Weighted Error Value: White=0.68/Black=0.14 (very precise)} 0-1

[Event "SVK ECo-C Extraliga 2021-22"]
[Site "Slovakia"]
[Date "2022.05.07"]
[Round "7.4"]
[White "Pcola, Pavol"]
[Black "Bures, Jaroslav"]
[Result "1-0"]
[ECO "A11"]
[WhiteElo "2379"]
[BlackElo "2411"]
[Annotator "TA"]
[PlyCount "147"]
[EventDate "2021.10.21"]
[EventType "team-tourn"]
[EventCountry "SVK"]
[SourceTitle "playchess.com"]
[Source "ChessBase"]
[SourceQuality "1"]
[TimeControl "40/5400+30:1800+30"]

1. c4 c6 2. Nf3 d5 3. g3 g6 4. Bg2 Bg7 5. O-O e5 6. d3 Ne7 7. Nbd2 {[%emt 0:02:29] 7.e4 is the modern continuation.} O-O {[%emt 0:01:31] A07: Réti Opening: New York and Capablanca Systems.} 8. Rb1 a5 9. a3 b5 {[%emt 0:06:29] [#] Black has an edge.} 10. cxb5 $146 ({Predecessor:} 10. b4 bxc4 11. dxc4 Bf5 12. Rb2 e4 13. Nh4 Be6 14. cxd5 cxd5 15. Qc2 axb4 16. Rxb4 {0-1 (25) Pacher,M (2459)-Zilka,S (2523) Stara Lubovna 2017}) 10... cxb5 11. b4 a4 12. Bb2 Nd7 13. Rc1 Bb7 14. Qc2 Rc8 {[%emt 0:01:33] Prevents Qc7.} 15. Qb1 d4 16. Ne4 Qb6 17. Rxc8 Rxc8 18. Rc1 Rxc1+ 19. Qxc1 Bxe4 (19... f6 $15) 20. dxe4 $11 Qc6 21. e3 Nb6 (21... dxe3 $1 $11 {keeps the balance.} 22. Qxe3 Nc8) 22. exd4 $16 exd4 {[%emt 0:00:02] [#]} 23. Qa1 $1 (23. Qf4 $6 Qc2 24. Qd6 Qxb2 $11) 23... Qxe4 {[%emt 0:08:11] Strongly threatening ...Nc4.} 24. Bxd4 ({Worse is} 24. Nxd4 Qe5 $11) 24... Bxd4 25. Qxd4 ({Don't play} 25. Nxd4 $6 Qe5 $16) 25... Qb1+ 26. Bf1 Ned5 27. Qe5 Qb3 $2 (27... Qc1 $16 28. Ng5 (28. Qe8+ Kg7 $16) 28... Qc6) 28. Ng5 $18 {[%emt 0:00:33] White threatens Qe8+ and mate.} Nxb4 29. Qb8+ Kg7 30. Qxb6 Qxa3 (30... Nc2 $142 31. Ne4 (31. Bxb5 Qb1+ 32. Kg2 Ne1+ 33. Kf1 Nd3+ 34. Kg2 Ne1+ 35. Kh1 Nf3+ 36. Kg2 Ne1+ $11) 31... h5 32. Qxb5 Qxb5 33. Bxb5 Nxa3) 31. Qd4+ Kg8 32. Bxb5 {[%emt 0:01:18] Qd8+ would kill now.} Qc1+ 33. Bf1 {[%emt 0:02:13] Threatening mate with Qd8+.} Qxg5 34. Qxb4 h5 35. Qxa4 Qe5 36. Qf4 Qa1 37. Kg2 Qa8+ 38. Qf3 Qc8 39. Qf6 Qa8+ 40. Kg1 Qd5 41. h4 Qd1 42. Kg2 Qd5+ 43. Kh2 Qe4 44. Bg2 Qd3 45. Bf3 Kf8 46. Kg2 Kg8 47. Qe5 Qd7 48. Bd5 Qd8 49. Bc4 Qc8 50. Bb5 Qa8+ 51. Kg1 Qa5 52. Kh2 Qb6 53. Kg2 Qb7+ 54. Kg1 Qf3 55. Bc4 Qd1+ 56. Kh2 Qd8 57. Bb3 Qd7 58. Qf6 Kf8 59. Qh8+ Ke7 {[%emt 0:00:00] [#]} 60. Bxf7 $1 Kxf7 {[%emt 0:00:00] KQ-KQ} 61. Qh7+ Ke8 62. Qxg6+ Kf8 63. Qh6+ Kg8 64. Qxh5 Qa7 65. Qg6+ Kh8 66. Qf6+ Kg8 67. h5 Qc5 68. Qg6+ Kh8 69. Qf6+ $2 (69. Qe8+ {mates} Kg7 70. Qg6+ Kh8 71. Qf6+ Kg8 72. h6 Qc7 73. Kh3 Qh7 74. g4) 69... Kh7 $2 (69... Kg8 $11 70. h6 Qh5+ 71. Kg2 Qg4 72. Qg7+ Qxg7 73. hxg7 Kxg7 74. Kf3 Kf6) 70. Kg1 {[%emt 0:00:00] White mates.} Qc1+ 71. Kg2 Qd1 72. h6 Qd5+ 73. f3 Qd2+ 74. Kh3 {[%emt 0:00:00] Weighted Error Value: White=0.06 (flawless) /Black=0.60} 1-0

[Event "SVK ECo-C Extraliga 2021-22"]
[Site "Slovakia"]
[Date "2022.05.07"]
[Round "7.4"]
[White "Mikrut, Dariusz"]
[Black "Zvarik, Martin"]
[Result "1-0"]
[ECO "A67"]
[WhiteElo "2361"]
[BlackElo "2236"]
[Annotator "TA"]
[PlyCount "75"]
[EventDate "2021.10.21"]
[EventType "team-tourn"]
[EventCountry "SVK"]
[SourceTitle "playchess.com"]
[Source "ChessBase"]
[SourceQuality "1"]
[TimeControl "40/5400+30:1800+30"]

1. d4 Nf6 2. c4 c5 3. d5 e6 4. Nc3 exd5 5. cxd5 d6 6. e4 g6 7. f4 Bg7 8. Bb5+ Nfd7 9. a4 Na6 {[%emt 0:05:02] A67: Modern Benoni: Taimanov Variation.} 10. Nf3 Nb4 11. O-O a6 {[%emt 0:02:58] White has an edge.} 12. Bxd7+ Bxd7 13. f5 {[%emt 0:00:07] [#]} gxf5 $146 ({Predecessor:} 13... O-O 14. Bg5 f6 15. Bf4 gxf5 16. Bxd6 Re8 17. Nd2 fxe4 18. Ncxe4 Nxd5 19. Bxc5 Bc6 {½-½ (51) Lupulescu,C (2656)-Pantsulaia,L (2553) Tornelo INT 2021}) 14. Bg5 f6 15. Bf4 $36 {[%emt 0:00:04][%mdl 2048] White is more active.} Qe7 (15... O-O $14) 16. exf5 {[%emt 0:10:01] And now Re1 would win.} O-O-O 17. Nh4 (17. Nd2 $16 {aiming for Re1.} Bxf5 18. Bxd6 $1 Qxd6 19. Nc4 (19. Rxf5 Qd7 $14)) 17... Rhe8 $14 18. Qd2 Bf8 19. g4 (19. Rae1 $16 Qf7 20. Qd1) 19... Qg7 20. h3 Re5 21. Bxe5 dxe5 22. Rad1 Kb8 23. Ng2 c4 24. Ne3 (24. Qe2 $16) 24... h5 $1 $11 25. Kh2 hxg4 26. Nxg4 Nd3 27. Ne4 {[%emt 0:02:57] Qa5 is the strong threat.} Bxa4 $2 ({Black should play} 27... Be7 $1 $14) 28. Ra1 $2 ({Stronger than} 28. Ngxf6 Bxd1 29. Qxd1 Qc7 $17) (28. Qa5 $18 {and the rest is easy.} Qc7 29. Qxa4) 28... Bb5 $16 29. Nexf6 (29. Ngxf6 $16 {Threatens to win with Rg1.} Be7 30. Ng4 (30. Rg1 Qh8 $14)) 29... Nf4 (29... Bb4 $17 30. Qg2 Qc7) 30. Rad1 ({Wrong is} 30. Nxe5 $2 Qxf6 31. Qxf4 Bd6 $19) 30... Bd6 {[%emt 0:00:45] Strongly threatening ...Rh8.} 31. Ne4 Rh8 32. Rxf4 $1 exf4 33. Qc3 Qxc3 34. bxc3 Bf8 {[%emt 0:01:19] [#]} ({Black should try} 34... Kc7 $11) 35. Ne5 $1 {[%emt 0:01:12] White is more active.} Rh7 $2 (35... Ba4 $16 36. Rd4 Rh5) 36. f6 {[%emt 0:00:11] Hoping for Rg1.} Rh5 37. Ng6 {[%emt 0:00:15][%csl LRf4,LRf8] Pair of Knights!} Bh6 {[%emt 0:00:42] [#]} 38. Rf1 $2 {[%emt 0:07:18][%mdl 32768] Weighted Error Value: White=0.42/Black=0.63. Loss on time!?} (38. d6 $1 $18 ) 1-0

[Event "SVK ECo-C Extraliga 2021-22"]
[Site "Slovakia"]
[Date "2022.05.07"]
[Round "7.4"]
[White "Urhegyi, Marton"]
[Black "Plachetka, Jan"]
[Result "1/2-1/2"]
[ECO "B33"]
[WhiteElo "2253"]
[BlackElo "2311"]
[Annotator "TA"]
[PlyCount "45"]
[EventDate "2021.10.21"]
[EventType "team-tourn"]
[EventCountry "SVK"]
[SourceTitle "playchess.com"]
[Source "ChessBase"]
[SourceQuality "1"]
[TimeControl "40/5400+30:1800+30"]

1. e4 c5 2. Nf3 e6 3. d4 cxd4 4. Nxd4 Nc6 5. Nc3 Nf6 6. Ndb5 d6 7. Bf4 e5 8. Bg5 a6 9. Na3 b5 10. Nd5 Be7 11. Bxf6 Bxf6 12. c3 O-O 13. Nc2 Bg5 14. a4 bxa4 15. Rxa4 Bb7 16. h4 {[%emt 0:06:00] B33: Sicilian: Pelikan and Sveshnikov Variations.} Bh6 17. Bc4 a5 18. Nce3 {[%emt 0:21:44] White has an edge.} Bxe3 19. Nxe3 ({Much worse is} 19. fxe3 Ne7 $11) 19... Ne7 {[%emt 0:02:56] [#]} 20. Bd5 $146 ({Predecessor:} 20. Qd3 Kh8 21. O-O f5 22. Nxf5 Bxe4 23. Qxe4 Rxf5 24. Be2 Rb8 25. Rfa1 Qb6 26. Bf3 Qxb2 27. Qe1 {½-½ (45) Steiger,W (2427)-Aupi Royo,J (2350) ICCF email 2016}) 20... Nxd5 21. Nxd5 {[%emt 0:00:36] The position is equal.} Rb8 22. b3 Bc6 23. Ra3 {[%emt 0:02:55] Weighted Error Value: White=0.14 (very precise) /Black=0.07 (flawless)} 1/2-1/2

[Event "SVK ECo-C Extraliga 2021-22"]
[Site "Slovakia"]
[Date "2022.05.07"]
[Round "7.4"]
[White "Hros, Roman"]
[Black "Piesik, Piotr"]
[Result "0-1"]
[ECO "B10"]
[WhiteElo "2244"]
[BlackElo "2418"]
[Annotator "TA"]
[PlyCount "81"]
[EventDate "2021.10.21"]
[EventType "team-tourn"]
[EventCountry "SVK"]
[SourceTitle "playchess.com"]
[Source "ChessBase"]
[SourceQuality "1"]
[TimeControl "40/5400+30:1800+30"]

1. e4 c6 2. c4 d5 3. cxd5 cxd5 4. exd5 Nf6 5. Qa4+ Nbd7 6. Nc3 g6 7. g3 Bg7 8. Bg2 O-O 9. Nge2 a6 {[%emt 0:07:49] [#] B10: Caro-Kann: 2 d3 and 2 c4.} 10. Qb3 $146 ({Predecessor:} 10. O-O b5 11. Qb4 Rb8 12. Nd4 a5 13. Qb3 Nc5 14. Qc2 Bd7 15. Nc6 Bxc6 16. dxc6 Rb6 17. d4 {1-0 (52) Shen,T (1508)-Gloeckler,C (1581) Willingen 2021}) 10... Ne5 11. O-O Nd3 $1 {[%emt 0:13:16] White has an edge.} 12. Nd1 Bf5 13. Ne3 Be4 14. Bxe4 Nxc1 15. Raxc1 Nxe4 16. Rc2 (16. Qxb7 Rb8 17. Qc6 (17. Qxa6 Nxd2 18. Rfd1 Rxb2 $11) 17... Rxb2 $11) 16... b5 17. d3 Nd6 18. Rfc1 Qa5 19. Nc3 Rac8 20. Ne4 Rxc2 21. Rxc2 Qe1+ 22. Kg2 Bd4 23. Nxd6 exd6 24. Qa3 Bxe3 25. fxe3 Qxe3 26. Qxd6 Qxd3 $11 {[%emt 0:00:14][%mdl 4096] Endgame KQR-KQR} 27. Qc6 (27. Rf2 $11) 27... Qe4+ $17 28. Kh3 Rd8 $36 {[%emt 0:01:48][%mdl 2048] Black has strong initiative.} 29. Rd2 Qe1 30. Qf6 Qxd2 31. Qxd8+ {[%emt 0:00:02] KQ-KQ} Kg7 32. Qd6 (32. d6 $17) 32... Qe2 $19 {[%emt 0:02:52] White must now prevent ...Qf1+.} 33. Qf4 {[%emt 0:00:43] Inhibits Qf1+.} (33. g4 {is a better defense.}) 33... Qh5+ ({Weaker is} 33... Qxb2 34. Qe3 $17 (34. d6 $2 Qf6 $19)) 34. Kg2 Qxd5+ 35. Kf2 Qc5+ ({Not} 35... Qxa2 $2 36. Qe5+ f6 37. Qe2) 36. Kf3 $2 {[%emt 0:00:58] [#]} (36. Kf1 {was forced.}) 36... Qc6+ $1 37. Ke3 Qc1+ 38. Kd4 (38. Kd3 $142 Qxb2 39. Qg5) 38... Qxb2+ {[%emt 0:00:06] Black is clearly winning.} 39. Kc5 h5 40. h4 Qxa2 {[%emt 0:00:20][%cal Oa2c4] [#] And now ...Qc4+! would win.} 41. Kd4 {Weighted Error Value: White=0.46/Black=0.08 (flawless)} 0-1

[Event "SVK ECo-C Extraliga 2021-22"]
[Site "Slovakia"]
[Date "2022.05.08"]
[Round "7.4"]
[White "Maslikova, Veronika"]
[Black "Nagy, Gabor"]
[Result "0-1"]
[ECO "B80"]
[WhiteElo "2226"]
[BlackElo "2503"]
[Annotator "TA"]
[PlyCount "74"]
[EventDate "2021.10.21"]
[EventType "team-tourn"]
[EventCountry "SVK"]
[SourceTitle "playchess.com"]
[Source "ChessBase"]
[SourceQuality "1"]
[TimeControl "40/5400+30:1800+30"]

1. e4 c5 2. Nf3 e6 3. d4 cxd4 4. Nxd4 Nc6 5. Nc3 Qc7 6. g3 a6 7. Bg2 d6 8. O-O Bd7 9. Re1 Be7 10. a4 Nf6 11. Nb3 O-O 12. f4 Rac8 {[%emt 0:12:12] B80: Sicilian Scheveningen: 6 g3 and 6 Be3, including English Attack.} 13. Be3 Nb4 14. a5 e5 {[%emt 0:00:45] [#] The position is equal.} 15. Bb6 $146 ({Predecessor:} 15. Qd2 Rfe8 16. Bb6 Qb8 17. Rac1 Bd8 18. Bxd8 Rcxd8 19. Nd5 Nbxd5 20. exd5 exf4 21. gxf4 {½-½ (66) Claverie,C (2325)-Letreguilly,O (2280) France 1996}) 15... Qb8 16. Rc1 Rfe8 17. Rf1 Bd8 18. Bxd8 (18. Qd2 $11) 18... Rcxd8 (18... Rexd8 $17 19. Qe2 Qc7) 19. f5 Bc6 20. g4 (20. Qd2 $15 d5 21. Nd1) 20... d5 $17 {[%emt 0:00:41] Black is more active.} 21. g5 Nxe4 22. Nxe4 (22. Qe1 $17 Qa7+ 23. Kh1) 22... dxe4 $19 23. Qe1 {[%emt 0:00:12] [#]} Nd5 24. Bxe4 Nf4 25. Rf3 {[%emt 0:02:33] Inhibits Nh3+.} Qd6 26. Qe3 g6 (26... Bxe4 $19 27. Qxe4 g6) 27. f6 {[%emt 0:03:47] Loses the game.} (27. fxg6 $17 hxg6 28. Nc5) 27... Qe6 {[%emt 0:00:39] [#] aiming for ...Bxe4.} 28. Re1 $2 (28. Rg3 {is more resistant.}) 28... Bxe4 29. Qxe4 Nh3+ 30. Rxh3 Qxh3 31. Nc5 (31. Nd4 $142) 31... h6 (31... Rd2 $142 32. Re2 Red8 33. Qxe5 Qg4+ 34. Kf2 Rxe2+ 35. Qxe2 Qf4+ 36. Kg2 Qxg5+ 37. Kh1 Qxc5) 32. gxh6 (32. Qe3 $142 Qxe3+ 33. Rxe3) 32... Qxh6 (32... Rd2 $142 33. Re2 Red8) 33. Nxb7 (33. Qe3 $142 Qxe3+ 34. Rxe3) 33... Rd2 34. Re2 Qg5+ 35. Rg2 Rd1+ {[%emt 0:00:24] Black mates.} 36. Kf2 Qxf6+ 37. Ke2 Qf1+ {[%emt 0:00:07] Weighted Error Value: White=1.15/Black=0.59} 0-1

[Event "SVK ECo-C Extraliga 2021-22"]
[Site "Slovakia"]
[Date "2022.05.08"]
[Round "7.4"]
[White "Murajda, Tomas"]
[Black "Kapusta, Petr"]
[Result "0-1"]
[ECO "A45"]
[WhiteElo "1916"]
[BlackElo "2107"]
[Annotator "TA"]
[PlyCount "57"]
[EventDate "2021.10.21"]
[EventType "team-tourn"]
[EventCountry "SVK"]
[SourceTitle "playchess.com"]
[Source "ChessBase"]
[SourceQuality "1"]
[TimeControl "40/5400+30:1800+30"]

1. d4 Nf6 2. Bf4 c5 3. e3 cxd4 4. exd4 Qb6 5. b3 Nc6 6. Nf3 {[%emt 0:00:33] A45: Trompowsky Attack.} g6 7. c3 Bg7 8. Bd3 {[%emt 0:00:32] [#] The position is equal.} O-O $146 ({Predecessor:} 8... Nd5 9. Be3 O-O 10. Bc4 Nxe3 11. fxe3 Qc7 12. O-O d6 13. Ng5 e6 14. d5 Ne5 15. dxe6 Nxc4 16. exf7+ {½-½ (46) Lohkamp,R (1476)-Meyer,W (1658) Hamburg 2018}) 9. Qc1 d6 10. Bh6 (10. O-O $15) 10... e5 $17 {[%emt 0:00:45] White must now prevent ...e4.} 11. Bxg7 Kxg7 12. dxe5 dxe5 ({Weaker is} 12... Nxe5 13. Nxe5 dxe5 14. O-O $15) 13. Nfd2 {[%emt 0:02:21] Inhibits e4.} e4 {[%emt 0:03:59] Black is more active.} 14. Nc4 Qc7 $36 {[%emt 0:08:46][%mdl 2048] Black is on the roll.} (14... Qc5 {seems wilder.} 15. Be2 Bg4 16. Bxg4 Nxg4 17. O-O Rad8) 15. Be2 Bg4 16. Bxg4 Nxg4 17. Qg5 {[%emt 0:03:07] Inhibits e3.} (17. h3 $17 Nge5 18. Nxe5 Nxe5 19. O-O) 17... f5 $19 {[%emt 0:01:28] Hoping for ...e3.} 18. Ne3 $2 (18. Qh4) 18... Nce5 19. Ke2 Rad8 {[%emt 0:03:12][%cal Of5f4] Against Nd5. ...f4! is the strong threat.} 20. Nxg4 Nxg4 21. Qc1 Qc5 (21... f4 $142 22. Nd2 Qd6) 22. Qe1 Qd6 23. Kf1 e3 24. f3 e2+ 25. Qxe2 Qd1+ (25... Rfe8 $142 26. Qd2 {[#]} Qe5 $1 27. fxg4 fxg4 28. h4 Rf8+ 29. Kg1 g3 30. Rh3 Qe3+ $3 31. Qxe3 Rd1+ 32. Qe1 Rxe1#) 26. Qxd1 Rxd1+ 27. Ke2 Rxh1 28. fxg4 fxg4 29. c4 {White got outplayed after the opening.  Weighted Error Value: White=1.16/Black=0.71} 0-1

[Event "SVK ECo-C Extraliga 2021-22"]
[Site "Slovakia"]
[Date "2022.05.08"]
[Round "7.5"]
[White "Pacher, Milan"]
[Black "Szucs, Vladimir"]
[Result "1-0"]
[ECO "C02"]
[WhiteElo "2394"]
[BlackElo "2082"]
[Annotator "TA"]
[PlyCount "61"]
[EventDate "2021.10.21"]
[EventType "team-tourn"]
[EventCountry "SVK"]
[SourceTitle "playchess.com"]
[Source "ChessBase"]
[SourceQuality "1"]
[TimeControl "40/5400+30:1800+30"]

1. e4 e6 2. d4 d5 3. e5 c5 4. c3 Nc6 5. Nf3 Bd7 6. Bd3 cxd4 7. cxd4 Qb6 8. Nc3 Nxd4 9. Nxd4 Qxd4 10. O-O a6 11. Re1 Ne7 12. Be3 Qxe5 {[%emt 0:02:41] C02: French: Advance Variation.} 13. Qb3 Bc6 $1 {[%emt 0:05:07] [#]} 14. Bc5 $146 {[%emt 0:19:25] [#]} ({Predecessor:} 14. Rad1 Ng6 15. Bd4 Qd6 16. Bf1 Be7 17. Bxg7 Rg8 18. Bh6 O-O-O 19. Rc1 Nh4 20. Ne2 {0-1 (51) Yeletsky,I (2418)-Gorbatov,A (2400) Moscow 2018}) 14... Qc7 (14... Qg5 $142 $1 {[%cal Od5d4] ...d4! is the strong threat.} 15. g3 Ng6 16. Bxf8 Nxf8) 15. Rac1 $17 Qd7 16. Qa3 Ng6 17. Bxf8 Nxf8 ({Inferior is} 17... Rxf8 18. Ne2 $15) 18. Ne2 Ng6 19. Nd4 Ne7 {[%emt 0:03:53] Inhibits Nf5.} 20. Rc3 Rd8 21. Bb1 Qd6 22. Qb3 Rd7 ({Black should try} 22... e5 $19 23. Nxc6 bxc6) 23. Rg3 g6 {[%emt 0:02:23] aiming for ...e5.} 24. Qe3 {[%emt 0:03:42] Against e5} h5 (24... Bb5 $17 {Threatens to win with ...Nc6.} 25. b3 Rd8) 25. h4 (25. Qg5 $1 $11) 25... Kf8 $2 {[%emt 0:05:08] [#]} (25... Kd8 $17 26. Qg5 Kc8) 26. Qg5 $1 $16 {[%emt 0:04:37] White is much more active. The black rooks are badly placed.} Rg8 $2 {[%emt 0:10:10] Black cannot hold the game after this.} (26... Ke8 $16) 27. Rf3 $18 Ke8 $2 (27... Qb4 28. Qe5 (28. Nxe6+ Ke8 $11) 28... Ke8) 28. Qf6 {[%emt 0:01:11] White is clearly winning.} Rf8 {[%emt 0:02:19] [#]} (28... Nf5 $142 29. Bxf5 gxf5 30. Nxe6 Re7) 29. Rxe6 $1 Qxe6 30. Nxe6 {[%emt 0:00:07][%mdl 64] Threatening mate with Qg7. Pin} Rd6 {[%emt 0:00:24] [#]} 31. Qe5 $1 {[%emt 0:02:13] Weighted Error Value: White=0.18 (very precise) /Black=0.71} 1-0

[Event "SVK ECo-C Extraliga 2021-22"]
[Site "Slovakia"]
[Date "2022.05.07"]
[Round "7.5"]
[White "Jablonicky, Martin"]
[Black "Halak, Miklos"]
[Result "0-1"]
[ECO "B06"]
[WhiteElo "2377"]
[BlackElo "2251"]
[Annotator "TA"]
[PlyCount "74"]
[EventDate "2021.10.21"]
[EventType "team-tourn"]
[EventCountry "SVK"]
[SourceTitle "playchess.com"]
[Source "ChessBase"]
[SourceQuality "1"]
[TimeControl "40/5400+30:1800+30"]

1. e4 g6 2. d4 Bg7 3. Nc3 d6 4. Be3 a6 5. f4 b5 6. Bd3 Bb7 7. Nf3 Nf6 {[%emt 0:00:30] B06: Modern Defence.} 8. e5 Nfd7 {[%emt 0:03:32] [#]} 9. Be4 $146 ({Predecessor:} 9. h4 c5 10. h5 cxd4 11. Bxd4 dxe5 12. fxe5 Nc6 13. Be4 O-O 14. hxg6 fxg6 15. Ng5 Nxd4 16. Qxd4 Bxe4 17. Qxe4 {½-½ (33) Terrieux,K (2439)-Di Nicolantonio,L (2414) Lille 2015}) 9... Bxe4 {[%emt 0:00:46] White is better.} 10. Nxe4 d5 11. Nf2 e6 12. Nd3 Nc6 13. a4 b4 (13... bxa4 $14 14. c3 (14. Rxa4 O-O $14) 14... Nb6) 14. O-O O-O 15. a5 Rb8 16. Nd2 Rb5 17. Nb3 Qb8 18. Qe1 Rc8 19. Ra4 Bf8 20. g4 {[%emt 0:01:06] f5 is the strong threat.} Nd8 21. f5 {[%emt 0:00:52] Strongly threatening Qh4.} c5 22. dxc5 ({Better is} 22. Nbxc5 $18 Bxc5 23. dxc5 Nxe5 24. fxg6 (24. Rxb4 Nxd3 25. Rxb5 Qxb5 $11) 24... Nxg6 25. Rxb4 (25. Nxb4 Qb7 $16)) 22... Nxe5 $16 {[%emt 0:01:54] [#]} 23. Bf4 (23. Qh4 $1 $16) 23... Nxd3 $11 24. cxd3 Qa7 25. d4 exf5 26. gxf5 ({Don't play} 26. Rxb4 Rxb4 27. Qxb4 fxg4 $17) 26... Qd7 27. fxg6 hxg6 28. Rxb4 Qg4+ 29. Kh1 (29. Bg3 $1 $11 {was the only way to keep the balance.}) 29... Rxb4 $17 30. Qxb4 Ne6 31. Qd2 Qh3 32. Qd1 Nxf4 33. Rxf4 {[%emt 0:00:06] [#]} Re8 $1 $40 {[%emt 0:01:49][%mdl 128] Black attacks with force. Black is more active.} 34. Rf3 $2 {[%emt 0:02:33][%mdl 8192] [#]} (34. Na1 $17) 34... Re1+ $1 $19 {[%emt 0:00:14][%mdl 576] Deflection. Black is clearly winning.} 35. Qxe1 Qxf3+ 36. Kg1 Qxb3 37. c6 Bd6 {[%emt 0:02:09] Never resign too early!  Weighted Error Value: White=0.47/Black=0.10 (very precise)} 0-1

[Event "SVK ECo-C Extraliga 2021-22"]
[Site "Slovakia"]
[Date "2022.05.07"]
[Round "7.5"]
[White "Mikes, Jan"]
[Black "Krak, Tomas"]
[Result "1-0"]
[ECO "B23"]
[WhiteElo "2349"]
[BlackElo "2306"]
[Annotator "TA"]
[PlyCount "53"]
[EventDate "2021.10.21"]
[EventType "team-tourn"]
[EventCountry "SVK"]
[SourceTitle "playchess.com"]
[Source "ChessBase"]
[SourceQuality "1"]
[TimeControl "40/5400+30:1800+30"]

1. e4 c5 2. Nc3 d6 3. d4 cxd4 4. Qxd4 a6 5. b3 e5 6. Qd2 {[%emt 0:03:22] B23: Closed Sicilian: Lines without g3.} Nf6 7. Bb2 Be7 8. O-O-O {[%emt 0:00:22] The position is equal.} O-O 9. Kb1 b5 10. f3 Be6 (10... b4 $15 11. Na4 (11. Nd5 Nxd5 12. Qxd5 Qb6 $15) 11... Nc6) 11. g4 Nbd7 {[%emt 0:04:09] [#]} (11... b4 $5 12. Nd5 Bxd5 13. exd5 a5 $11) 12. Nge2 $146 ({Predecessor:} 12. g5 Ne8 13. h4 Nb6 14. Bh3 b4 15. Nd5 Bxd5 16. exd5 Nc7 17. f4 Nbxd5 18. Ne2 {1-0 (35) Gabrielian,A (2499)-Teterev,V (2486) St Petersburg 2018}) 12... Nb6 13. Ng3 b4 14. Nce2 d5 (14... a5 $14) 15. Bxe5 {[%emt 0:25:20] Strongly threatening g5.} dxe4 16. Qc1 (16. fxe4 Qxd2 17. Rxd2 Nxg4 $11) 16... Nfd7 ({Better is} 16... Nfd5 $14 17. Nxe4 (17. fxe4 Bg5 $17) 17... a5) 17. Nxe4 $16 Nd5 18. Bd4 {[%emt 0:04:58] White is more active.} Qc7 19. c4 ({White should try} 19. f4 $16 {aiming for f5.} f6 20. f5) 19... bxc3 $1 $11 20. N2xc3 Nb4 $1 21. Ng5 $40 {[%emt 0:02:35][%mdl 128] White attacks.} Rab8 (21... Bxg5 $11 22. Qxg5 f6) 22. Nxe6 $16 {[%emt 0:03:39] Chess con chili.} fxe6 {[%emt 0:00:06] [#]} 23. Na4 $1 Qb7 24. Bc4 Nd5 $2 (24... Kh8 25. Bxe6 Rxf3) 25. Rhe1 $18 {[%emt 0:01:17] White is clearly winning.} Qc6 26. Bb2 {[%emt 0:00:21] This bishop pair is nice.} Rf6 (26... Rf7 $142 27. Rxe6 Qxe6 28. Bxd5 Qg6+ 29. Be4 Qe6) 27. Bxd5 {[%emt 0:00:11] Weighted Error Value: White=0.12 (very precise) /Black=0.38} 1-0